Cogmind - Beta 13 @@@ ROGUE MODE // 2024.05.25 @ 11:13:56 Player: N.W.L Result: Self-destructed Performance ------------- Evolutions (5) 2500 Regions Visited (12) 2400 Robots Destroyed (108) 540 Value Destroyed (4234) 4234 Prototype IDs (42) 840 Alien Tech Used (0) 0 Bonus (2092) 2092 TOTAL SCORE: 12606 Bonus ------- High Alert Combat Kills 562 Follower Combat Kills 117 Entered Garrisons 400 Used RIF Installer 1000 Aligned with FarCom 300 Friendly Fire -287 Cogmind --------- Core Integrity 790/1000 Matter 300/300 Energy 12/100 System Corruption 10% Temperature Cool (0) Movement Flying (32) Location -5/Factory Parts ------- > --- POWER (1) -------- (None) > --- PROPULSION (7) --- Cooled VTOL Module > --- UTILITY (7) ------ Machine Analyzer Advanced Visual Processing Unit Improved Hacking Suite Improved Hacking Suite > --- WEAPON (2) ------- (None) > --- INVENTORY (5) ---- Advanced Cooling System Mini Assault Cannon Heavy Missile Launcher Powered Hammer Chainsword Peak State ------------ > --- POWER ------------ Neutrino Core > --- PROPULSION ------- Cooled VTOL Module Cooled VTOL Module Cooled VTOL Module Flying Fortress v7 > --- UTILITY ---------- Advanced Cooling System High-capacity Storage Unit Machine Analyzer Advanced Visual Processing Unit Layered Light Armor Plating Improved Hacking Suite System Shield > --- WEAPON ----------- Improved Datajack Chainsword > --- INVENTORY -------- Scrap Engine Improved Coolant Injector High-capacity Matter Pod Advanced Weight Redist. System Microactuators Transmission Jammer ECM Suite Layered Heavy Armor Plating Authchip [Propulsion] Authchip [Armor] Improved Component Analysis Suite System Restoration Module Cooled Pulse Rifle Advanced Assault Cannon Mini Assault Cannon Heavy Missile Launcher Powered Hammer Chainsword [Rating: 94] Favorites ----------- Power Ion Engine Engine Ion Engine Power Core Neutrino Core Propulsion Cooled VTOL Module Treads Light Treads Wheel Wheel Flight Unit Cooled VTOL Module Utility High-capacity Storage Unit Device Advanced Weight Redist. System Storage High-capacity Storage Unit Processor Advanced Visual Processing Unit Hackware Improved Hacking Suite Protection Layered Light Armor Plating Weapon Chainsword Energy Gun Cooled Pulse Rifle Ballistic Gun Light Assault Rifle Ballistic Cannon Assault Cannon Launcher Rocket Launcher Impact Weapon Heavy Hammer Slashing Weapon Chainsword Special Melee Weapon Improved Datajack Build | -11 -10 -10 -10 -9 -8 -8 -8 -8 -7 -7 -7 -5 ------- Run | Yrd Mat Min Exi Min Mat Gar Mat Gar Fac Sto Rec Fac Slots Evolved 10 | . . . . . 4 . . . 2 . . 4 Power . | . . . . . . . . . . . . . Propulsion 5 | . . . . . 2 . . . 2 . . 1 Utility 5 | . . . . . 2 . . . . . . 3 Weapon . | . . . . . . . . . . . . . Parts Attached 172 | 7 . 4 3 . 19 18 7 20 40 17 5 32 Power 10 | 1 . . . . 2 . . . 3 . . 4 Engine 7 | 1 . . . . 2 . . . 3 . . 1 Core 3 | . . . . . . . . . . . . 3 Reactor . | . . . . . . . . . . . . . Propulsion 28 | 2 . 4 2 . 3 . . . 4 4 . 9 Treads 7 | 2 . 2 . . 2 . . . 1 . . . Leg . | . . . . . . . . . . . . . Wheel 4 | . . 2 2 . . . . . . . . . Hover . | . . . . . . . . . . . . . Flight 17 | . . . . . 1 . . . 3 4 . 9 Utility 59 | 2 . . 1 . 7 5 1 3 16 8 3 13 Device 35 | 1 . . . . 3 3 1 1 11 7 2 6 Storage 8 | 1 . . 1 . 3 1 . . . . . 2 Processor 3 | . . . . . 1 . . . 1 . . 1 Hackware 3 | . . . . . . . . . . . . 3 Protection 10 | . . . . . . 1 . 2 4 1 1 1 Artifact . | . . . . . . . . . . . . . Weapon 75 | 2 . . . . 7 13 6 17 17 5 2 6 Energy Gun 3 | . . . . . . . . . 1 1 . 1 Energy Cannon . | . . . . . . . . . . . . . Ballistic Gun 17 | 2 . . . . 3 3 3 4 2 . . . Ballistic Cannon 15 | . . . . . 3 5 . . 4 1 . 2 Launcher 21 | . . . . . 1 3 3 9 2 1 . 2 Special Weapon . | . . . . . . . . . . . . . Impact Weapon 1 | . . . . . . . . . 1 . . . Slashing Weapon 17 | . . . . . . 2 . 4 7 2 1 1 Piercing Weapon . | . . . . . . . . . . . . . Special Melee Weapon 1 | . . . . . . . . . . . 1 . Unidentified Prototypes 8 | . . . . . 4 . . . 3 1 . . Parts Lost 12 | . . . . . . . . 2 . . . 10 Power 1 | . . . . . . . . . . . . 1 Propulsion 7 | . . . . . . . . . . . . 7 Utility 3 | . . . . . . . . 1 . . . 2 Weapon 1 | . . . . . . . . 1 . . . . Highest Loss Streak 9 | . . . . . . . . 1 . . . 9 To Critical Strikes . | . . . . . . . . . . . . . Average Slot Usage (%) 80 | . 100 100 90 85 68 72 72 71 66 75 76 89 Engine 9 | . 14 14 14 14 9 9 9 9 7 7 7 1 Treads 3 | . 28 17 10 . . . . . . . . . Wheel 6 | . . 10 17 28 . . . . . . . . Flight 11 | . . . . . 8 9 9 9 12 22 23 31 Device 9 | . 14 14 5 . 9 9 9 15 14 9 7 9 Storage 10 | . 14 14 14 14 15 9 9 9 7 7 7 5 Processor 5 | . . . . . 8 9 9 9 7 7 7 10 Protection 2 | . . . . . . 8 8 2 . 4 6 2 Energy Gun 1 | . . . . . . . . . 1 6 . 1 Ballistic Gun 11 | . 28 28 28 28 11 5 13 4 1 . . . Ballistic Cannon 1 | . . . . . 4 8 . . 2 1 . . Launcher 1 | . . . . . . 2 4 7 . . . . Slashing Weapon 3 | . . . . . . 1 . 6 7 6 7 4 Naked Turns . | . . . . . . . . . . . . . Heaviest Build 208 | 14 14 14 208 208 208 60 59 59 74 65 64 66 Greatest Support 74 | 40 40 40 40 20 50 59 59 59 71 71 69 74 Greatest Overweight (x) 10 | . . . 10 10 10 1 . 4 1 1 1 2 Average Overweight (x) 1 | . . . 5 10 . . . . . . . . Largest Inventory Capacity 35 | 8 8 8 35 35 35 20 20 20 20 20 20 20 Average Capacity 20 | 7 8 8 24 35 15 17 20 20 20 20 20 17 Most Carried 24 | 4 7 8 19 24 24 20 20 20 20 20 20 20 Average Carried 16 | 1 5 7 12 22 14 16 19 19 18 20 19 17 Final Capacity 35 | 8 8 8 35 35 15 20 20 20 20 20 20 5 Final Carried 24 | 4 7 8 19 24 15 20 19 20 20 20 20 5 Class Distribution -------------------- 56% | Mutant 20% | Hauler-Mutant 6% | Commander-Mutant 5% | Scout 4% | Hacker-Scout Dominant Class ---------------- Mutant | -10/Materials Mutant | -10/Mines Hauler-Mutant | -10/Exiles Hauler-Mutant | -9/Mines Scout | -8/Materials Mutant | -8/Garrison Mutant | -8/Materials Mutant | -8/Garrison Mutant | -7/Factory Mutant | -7/Storage Commander-Mutant | -7/Recycling Hacker-Scout | -5/Factory Resources | -11 -10 -10 -10 -9 -8 -8 -8 -8 -7 -7 -7 -5 ----------- Run | Yrd Mat Min Exi Min Mat Gar Mat Gar Fac Sto Rec Fac Matter Collected 4028 | 350 52 230 60 24 181 576 139 843 564 302 60 647 Remotely 383 | . . . . . . . . 337 46 . . . Salvage Created 4187 | 180 . 204 . 147 173 429 211 580 718 412 656 477 Parts 208 | 12 . 9 . 5 4 21 15 34 41 28 19 20 Haulers Intercepted 14 | . . . . . 4 . . . 4 2 1 3 Recyclers Shooed 3 | 1 . 1 . . . . . . 1 . . . Parts Field Recycled . | . . . . . . . . . . . . . Retrieved Matter . | . . . . . . . . . . . . . Parts Self-Destructed . | . . . . . . . . . . . . . Prevented . | . . . . . . . . . . . . . Kills | -11 -10 -10 -10 -9 -8 -8 -8 -8 -7 -7 -7 -5 ------- Run | Yrd Mat Min Exi Min Mat Gar Mat Gar Fac Sto Rec Fac Combat Hostiles Destroyed 62 | . . 3 . . . 14 5 17 11 5 5 2 Melee 13 | . . . . . . . . 1 4 3 5 . Guns 7 | . . 3 . . . . 2 2 . . . . Cannons 6 | . . . . . . 3 . . 1 2 . . AOE 36 | . . . . . . 11 3 14 6 . . 2 Classes Destroyed 15 | 3 . 1 . . 1 4 1 1 2 1 . 1 Worker 2 | 1 . . . 1 . . . . . . . . Builder 4 | . . . . . . . . . . 2 . 2 Tunneler 6 | 5 . 1 . . . . . . . . . . Hauler 14 | . . . . . 4 . . . 4 2 1 3 Recycler 10 | 1 . 2 . 2 . . . . 1 . 3 1 Operator 4 | . . . . . . . . . 2 1 . 1 Drone 1 | . . . . . . . . . . . . 1 Watcher 5 | . . . . . . . 4 . . 1 . . Swarmer 19 | . . 3 . . . 3 4 3 6 . . . Grunt 19 | . . . . . . 7 . 8 . 3 1 . Brawler 1 | . . . . . . 1 . . . . . . Sentry 12 | . . . . . . 1 1 4 3 1 2 . Specialist 2 | . . . . . . . . 2 . . . . Hunter 5 | . . . . . . 2 . 2 . . . 1 Programmer 5 | . . . . . . . . . 2 1 2 . Best Kill Streak 7 | 6 . 3 . 1 2 7 4 5 4 3 3 3 Combat Bots Only 7 | . . 3 . . . 7 2 5 4 2 3 1 Max Kills in Single Turn 3 | 2 . 1 . 1 1 3 2 2 2 1 1 1 Gunslinging . | . . . . . . . . . . . . . Exploded 3 | . . . . . . 3 2 2 2 . . 1 Melee 1 | . . . . . . . . 1 1 1 1 . Uniques/NPCs Destroyed . | . . . . . . . . . . . . . Combat | -11 -10 -10 -10 -9 -8 -8 -8 -8 -7 -7 -7 -5 -------- Run | Yrd Mat Min Exi Min Mat Gar Mat Gar Fac Sto Rec Fac Hostile Shots Fired 295 | . . 8 . . . 28 9 30 77 17 58 68 Missed 113 | . . 2 . . . 12 3 9 36 4 22 25 Damage Taken 2770 | . 21 88 . . . 239 100 481 324 214 356 947 Core 428 | . . 32 . . . 60 . 32 40 27 27 210 Absorbed by Shields 59 | . . . . . . 10 . . . . 20 29 Redirected to Shielding 82 | . . . . . . 46 27 9 . . . . Ignored by Resistances 24 | . . . . . . . . . 24 . . . Regen/Repaired (Parts) 91 | . . . . . . . . . 17 . . 74 Core Remaining (%) 89 | 100 . . . 87 . . . 83 . . 86 . Volleys Fired 200 | 20 . 23 . 6 17 32 23 42 21 8 . 8 Largest 2 | 2 . 2 . 2 2 2 2 2 2 2 . 2 Hottest 96 | 40 . 40 . 40 88 88 61 66 96 96 . 96 Shots Fired 316 | 40 . 46 . 12 34 51 32 52 27 10 . 12 Gun 176 | 40 . 46 . 12 28 . 21 15 6 5 . 3 Cannon 58 | . . . . . 6 28 . . 14 4 . 6 Launcher 82 | . . . . . . 23 11 37 7 1 . 3 Special . | . . . . . . . . . . . . . Kinetic 226 | 40 . 46 . 12 34 28 21 15 20 4 . 6 Thermal 8 | . . . . . . . . . . 5 . 3 Explosive 39 | . . . . . . 8 3 17 7 1 . 3 Electromagnetic 43 | . . . . . . 15 8 20 . . . . Robot Hit Streak 12 | 12 . 7 . 3 5 7 6 8 3 6 . 3 Robot Miss Streak 4 | 3 . 2 . 1 3 3 4 4 3 1 . 2 Penetration Max . | . . . . . . . . . . . . . Secondary Targets . | . . . . . . . . . . . . . Shots Hit Robots 239 | 25 . 27 . 7 17 27 12 20 35 19 31 19 Core Hits 182 | 10 . 11 . 4 7 22 12 47 25 18 9 17 Critical Kills . | . . . . . . . . . . . . . Critical Parts Destroyed 1 | 1 . . . . . . . . . . . . Critical Strikes 15 | 1 . . . . . 2 . . 6 2 2 2 Destroy 1 | 1 . . . . . . . . . . . . Blast 3 | . . . . . . 2 . . 1 . . . Sever 11 | . . . . . . . . . 5 2 2 2 Melee Attacks 180 | . . . . . . 4 . 18 47 29 38 44 Impact . | . . . . . . . . . . . . . Slashing 170 | . . . . . . 4 . 18 47 29 28 44 Piercing . | . . . . . . . . . . . . . Sneak Attacks 30 | . . . . . . . . . 5 3 16 6 Combat Hostiles 10 | . . . . . . . . . . . 10 . Follow-up Attacks 2 | . . . . . . . . . 2 . . . Damage Inflicted 9528 | 267 . 296 . 92 271 1224 687 1691 1818 868 1024 1290 Guns 1213 | 267 . 293 . 92 154 . 159 161 47 40 . . Cannons 924 | . . . . . 117 422 . . 190 114 . 81 Explosions 3692 | . . . . . . 802 528 1433 385 128 . 416 Melee 3696 | . . . . . . . . 97 1196 586 1024 793 Ramming 3 | . . 3 . . . . . . . . . . Kinetic 2097 | 267 . 293 . 92 271 422 159 161 237 114 . 81 Thermal 180 | . . . . . . 51 34 55 . 40 . . Explosive 2608 | . . . . . . 488 208 983 385 128 . 416 Electromagnetic 944 | . . . . . . 263 286 395 . . . . Impact . | . . . . . . . . . . . . . Slashing 3696 | . . . . . . . . 97 1196 586 1024 793 Piercing . | . . . . . . . . . . . . . Highest Corruption 10 | . . . . . . 1 1 2 1 1 6 10 Average Corruption 2 | . . . . . . 1 1 1 1 1 5 7 Corruption Purged 1 | . . . . . . . . . 1 . . . Corruption Blocked 3 | . . . . . . . . . 3 . . . Effects 35 | . . . . . . 1 . 9 . 4 17 4 Message Errors 15 | . . . . . . 1 . 4 . 4 5 1 Matter Fused 3 | . . . . . . . . . . . 1 2 Heat Flow Errors 6 | . . . . . . . . . . . 6 . Energy Discharges 2 | . . . . . . . . . . . 2 . Parts Rejected 1 | . . . . . . . . . . . . 1 Data Loss (minor) 5 | . . . . . . . . 3 . . 2 . Data Loss (major) 3 | . . . . . . . . 2 . . 1 . Overload Shots 3 | . . . . . . . . . . 2 . 1 Overflow Damage 307 | . . . . . . 8 73 21 47 5 93 60 Projectiles 33 | . . . . . . 8 . . 25 . . . Explosions 97 | . . . . . . . 73 12 . . . 12 Melee 177 | . . . . . . . . 9 22 5 93 48 Knockbacks 5 | . . . . . . 4 . . 1 . . . Impact . | . . . . . . . . . . . . . Kinetic 5 | . . . . . . 4 . . 1 . . . Secondary . | . . . . . . . . . . . . . Self-Inflicted Damage 233 | . . . . . . 24 33 147 . 29 . . Shots 13 | . . . . . . 3 1 8 . 1 . . Rammed 1 | . . 1 . . . . . . . . . . Targets Rammed 1 | . . 1 . . . . . . . . . . Kicked . | . . . . . . . . . . . . . Crushed . | . . . . . . . . . . . . . Highest Temperature 287 | . . . . . 99 210 84 86 234 120 275 287 Average Temperature 76 | . . . . . 33 64 22 22 70 45 129 110 Received Heat Transfer 474 | . . . . . . 90 . 99 78 72 75 60 Effects 2 | . . . . . . . . . . . 1 1 Energy Bleed 2 | . . . . . . . . . . . 1 1 Siege Activations . | . . . . . . . . . . . . . Robots Corrupted . | . . . . . . . . . . . . . Combat Hostiles . | . . . . . . . . . . . . . Parts Fried 7 | . . . . . . . 5 2 . . . . Impact Corruptions . | . . . . . . . . . . . . . Robots Melted . | . . . . . . . . . . . . . Combat Hostiles . | . . . . . . . . . . . . . Parts Melted . | . . . . . . . . . . . . . Heat Transferred 224 | . . . . . . 50 50 50 . 74 . . Parts Sabotaged . | . . . . . . . . . . . . . Parts Stolen . | . . . . . . . . . . . . . Parts Stripped . | . . . . . . . . . . . . . Power Chain Reactions 4 | . . . . . . 1 2 1 . . . . Alert | -11 -10 -10 -10 -9 -8 -8 -8 -8 -7 -7 -7 -5 ------- Run | Yrd Mat Min Exi Min Mat Gar Mat Gar Fac Sto Rec Fac Peak Influence 1169 | 35 65 100 . 5 100 514 514 1169 916 463 352 435 Initial 613 | . 22 25 . . . . 250 334 613 351 133 406 Average 291 | 16 50 20 . 2 39 225 405 645 758 340 245 223 Maximum Alert Level 4 | . . . . . . 2 2 4 3 2 1 2 Low Security (%) 45 | 100 100 100 . 100 100 48 . . . . 21 52 Level 1 20 | . . . . . . 20 44 7 . 75 78 18 Level 2 19 | . . . . . . 31 55 55 26 25 . 28 Level 3 13 | . . . . . . . . 35 73 . . . Level 4 . | . . . . . . . . 1 . . . . Level 5 . | . . . . . . . . . . . . . High Security . | . . . . . . . . . . . . . Max Security . | . . . . . . . . . . . . . Squads Dispatched 28 | . 3 . . . 1 . 1 . 13 4 . 6 Investigation 14 | . 2 . . . 1 . . . 6 2 . 3 Extermination 4 | . . . . . . . . . 2 1 . 1 Reinforcement 9 | . 1 . . . . . 1 . 4 1 . 2 Assault . | . . . . . . . . . . . . . Garrison 1 | . . . . . . . . . 1 . . . Intercept . | . . . . . . . . . . . . . Searches Triggered 1 | . . . . . . . . . . . . 1 Construction Impeded 1 | . . . . . . . . . 1 . . . Haulers Reinforced 3 | . . . . . . . . . 1 1 . 1 Active Scanning Responses . | . . . . . . . . . . . . . Cargo Convoy Interrupts 1 | . . . . . . . . . 1 . . . Stealth | -11 -10 -10 -10 -9 -8 -8 -8 -8 -7 -7 -7 -5 --------- Run | Yrd Mat Min Exi Min Mat Gar Mat Gar Fac Sto Rec Fac Distress Signals 5 | . 2 . . . . . 2 . . . . 1 Communications Jammed . | . . . . . . . . . . . . . Distress Signals . | . . . . . . . . . . . . . Times Spotted 107 | . 1 5 . . 4 10 13 16 18 9 7 24 Peak Tracking Total 8 | . . 3 . . 2 5 4 5 4 2 3 8 Tactical Retreats 6 | . . . . . . . . . . 1 . 5 Traps | -11 -10 -10 -10 -9 -8 -8 -8 -8 -7 -7 -7 -5 ------- Run | Yrd Mat Min Exi Min Mat Gar Mat Gar Fac Sto Rec Fac Traps Triggered 18 | . 1 . . . . 2 . 10 1 1 . 3 Indirectly 5 | . . . . . . 2 . 3 . . . . Trap Hack Attempts . | . . . . . . . . . . . . . Triggered . | . . . . . . . . . . . . . Disarmed . | . . . . . . . . . . . . . Reprogrammed . | . . . . . . . . . . . . . Reused . | . . . . . . . . . . . . . Traps Extracted . | . . . . . . . . . . . . . Installed . | . . . . . . . . . . . . . Triggered 1 | . . . . . . . . . 1 . . . Machines | -11 -10 -10 -10 -9 -8 -8 -8 -8 -7 -7 -7 -5 ---------- Run | Yrd Mat Min Exi Min Mat Gar Mat Gar Fac Sto Rec Fac Machines Disabled 18 | . . . . . 1 3 3 9 1 1 . . Max in Single Turn 2 | . . . . . 1 1 1 2 1 1 . . Garrison Access 3 | . . . . . . . . . 2 . . 1 Garrison Relay 5 | . . . . . . 2 . 3 . . . . Phase Generator 1 | . . . . . . . . 1 . . . . Machines Repaired . | . . . . . . . . . . . . . Machines Dismantled . | . . . . . . . . . . . . . Machines Sabotaged . | . . . . . . . . . . . . . Overloaded Fab Kills . | . . . . . . . . . . . . . Hacking | -11 -10 -10 -10 -9 -8 -8 -8 -8 -7 -7 -7 -5 --------- Run | Yrd Mat Min Exi Min Mat Gar Mat Gar Fac Sto Rec Fac Machines Accessed 61 | . 2 . 3 1 6 2 4 2 16 8 10 7 Terminals 40 | . 2 . . . 5 2 2 2 11 7 5 4 Fabricators 1 | . . . . . . . . . 1 . . . Repair Stations 4 | . . . . . . . 1 . 2 . . 1 Recycling Units 7 | . . . . . . . . . . 1 5 1 Scanalyzers . | . . . . . . . . . . . . . Garrison Access 5 | . . . . . 1 . 1 . 2 . . 1 Total Hacks 161 | . 5 . 6 1 23 5 6 5 39 19 30 22 Successful 69 | . 3 . 6 1 12 2 2 1 17 4 14 7 Failed 92 | . 2 . . . 11 3 4 4 22 15 16 15 Catastrophic 22 | . . . . . 1 . . 1 8 2 5 5 Database Lockouts . | . . . . . . . . . . . . . Manual 70 | . 3 . 1 . 16 2 2 2 11 6 18 9 Terminals 118 | . 5 . . . 22 5 4 5 29 17 14 17 Fabricators 1 | . . . . . . . . . 1 . . . Repair Stations 7 | . . . . . . . 1 . 4 . . 2 Recycling Units 20 | . . . . . . . . . . 2 16 2 Scanalyzers . | . . . . . . . . . . . . . Garrison Access 8 | . . . . . 1 . 1 . 5 . . 1 Terminal Hacks 37 | . 2 . 6 1 9 1 1 1 5 3 6 2 Record 8 | . . . 5 . 1 . . . . . 1 1 Robot Analysis 6 | . . . . . 2 . . . . . 3 1 Prototype ID Bank 6 | . . . . . 3 . . . 1 1 1 . Open Door 3 | . . . . 1 . . . . . 2 . . Level Access Points 1 | . . . . . . . . . 1 . . . Branch Access Points 1 | . . . . . 1 . . . . . . . Emergency Access Points 1 | . . . . . . . . 1 . . . . Terminal Index 1 | . 1 . . . . . . . . . . . Alert Level 1 | . . . . . . . . . 1 . . . Locate Traps 2 | . . . . . 1 . . . 1 . . . Hauler Manifests 2 | . 1 . . . . . . . 1 . . . Registered Components 1 | . . . . . . . 1 . . . . . Registered Prototypes 1 | . . . . . . . . . . . 1 . Zone Layout 1 | . . . . . 1 . . . . . . . Garrison Registry 1 | . . . . . . 1 . . . . . . Derelict Proto ID Bank 1 | . . . 1 . . . . . . . . . Fabricator Hacks . | . . . . . . . . . . . . . Repair Station Hacks 5 | . . . . . . . . . 3 . . 2 Scan Component 3 | . . . . . . . . . 2 . . 1 Repair 2 | . . . . . . . . . 1 . . 1 Recycling Unit Hacks 4 | . . . . . . . . . . . 3 1 Retrieve Components 4 | . . . . . . . . . . . 3 1 Scanalyzer . | . . . . . . . . . . . . . Garrison Access Hacks 6 | . . . . . 1 . 1 . 3 . . 1 Unlock Access 2 | . . . . . 1 . 1 . . . . . Seal Access 3 | . . . . . . . . . 2 . . 1 Coupler Status 1 | . . . . . . . . . 1 . . . Unauthorized Hacks 17 | . 1 . . . 2 1 . . 6 1 5 1 Terminals 9 | . 1 . . . 2 1 . . 3 1 1 . Botnet 9 | . 1 . . . 2 1 . . 3 1 1 . Fabricators 1 | . . . . . . . . . 1 . . . Fabnet 1 | . . . . . . . . . 1 . . . Repair Stations . | . . . . . . . . . . . . . Recycling Units 5 | . . . . . . . . . . . 4 1 Mask 1 | . . . . . . . . . . . . 1 Tunnel 4 | . . . . . . . . . . . 4 . Scanalyzers . | . . . . . . . . . . . . . Garrison Access 2 | . . . . . . . . . 2 . . . Broadcast 1 | . . . . . . . . . 1 . . . Watchers 1 | . . . . . . . . . 1 . . . Data Cores Recovered 1 | . . . . . . . . . . 1 . . Used . | . . . . . . . . . . . . . Hacking Detections 52 | . 2 . . . 7 2 3 2 14 7 9 6 Full Trace Events 16 | . 1 . . . 1 . 1 1 6 2 2 2 Feedback Events . | . . . . . . . . . . . . . Feedback Blocked . | . . . . . . . . . . . . . Robot Schematics Acquired . | . . . . . . . . . . . . . Robots Built . | . . . . . . . . . . . . . Authchips . | . . . . . . . . . . . . . Time . | . . . . . . . . . . . . . Total Robot Build Rating . | . . . . . . . . . . . . . Part Schematics Acquired . | . . . . . . . . . . . . . Parts Built . | . . . . . . . . . . . . . Authchips . | . . . . . . . . . . . . . Time . | . . . . . . . . . . . . . Total Part Build Rating . | . . . . . . . . . . . . . Parts Repaired 2 | . . . . . . . . . 1 . . 1 Time 108 | . . . . . . . . . 38 . . 70 Parts Recycled . | . . . . . . . . . . . . . Recycled Matter . | . . . . . . . . . . . . . Retrieved Matter . | . . . . . . . . . . . . . Retrieved Components 9 | . . . . . . . . . . . 9 . Parts Scanalyzed . | . . . . . . . . . . . . . Part Schematics Acquired . | . . . . . . . . . . . . . Parts Damaged . | . . . . . . . . . . . . . Bothacking | -11 -10 -10 -10 -9 -8 -8 -8 -8 -7 -7 -7 -5 ------------ Run | Yrd Mat Min Exi Min Mat Gar Mat Gar Fac Sto Rec Fac Used RIF Installer 2 | . . . . . . 1 . 1 . . . . Patrol Navigation 1 | . . . . . . . . 1 . . . . Robots Hacked . | . . . . . . . . . . . . . Non-combat . | . . . . . . . . . . . . . Combat . | . . . . . . . . . . . . . Robot Hacks Applied . | . . . . . . . . . . . . . Relay Couplers Released 19 | . . . . . . 7 . 12 . . . . Machine Destruction 19 | . . . . . . 7 . 12 . . . . Fabnet Peak Effective % 1 | . . . . . . . . . . . . 1 Robots Rewired 10 | . . . . . . . . 3 . . 7 . Allies Hacked . | . . . . . . . . . . . . . Hacks Repelled . | . . . . . . . . . . . . . Allies | -11 -10 -10 -10 -9 -8 -8 -8 -8 -7 -7 -7 -5 -------- Run | Yrd Mat Min Exi Min Mat Gar Mat Gar Fac Sto Rec Fac Total Allies 10 | . . . . . . . . 3 . . 7 . Largest Group 7 | . . . . . . . . 3 . . 7 5 Highest-Rated Group 162 | . . . . . . . . 14 . . 162 128 Highest-Rated Ally 40 | . . . . . . . . 5 . . 40 40 Total Orders 5 | . . . . . . . . . . . . 5 STAY 2 | . . . . . . . . . . . . 2 FOLLOW 2 | . . . . . . . . . . . . 2 COLLECT 1 | . . . . . . . . . . . . 1 Ally Attacks 13 | . . . . . . . . 6 . . 4 3 Total Damage 272 | . . . . . . . . 52 . . 178 42 Kills 4 | . . . . . . . . 1 . . 2 1 Allies Corrupted . | . . . . . . . . . . . . . Allies Melted . | . . . . . . . . . . . . . Intel | -11 -10 -10 -10 -9 -8 -8 -8 -8 -7 -7 -7 -5 ------- Run | Yrd Mat Min Exi Min Mat Gar Mat Gar Fac Sto Rec Fac Robot Analysis Total 6 | . . . . . 2 . . . . . 3 1 Derelict Logs Recovered 4 | . . 2 . 2 . . . . . . . . Drone Launches . | . . . . . . . . . . . . . Drone Recoveries . | . . . . . . . . . . . . . Exploration | -11 -10 -10 -10 -9 -8 -8 -8 -8 -7 -7 -7 -5 ------------- Run | Yrd Mat Min Exi Min Mat Gar Mat Gar Fac Sto Rec Fac Turns Passed 9868 | 191 175 811 1082 1317 502 764 199 865 1244 1108 634 976 Spaces Moved 8069 | 78 108 591 538 552 572 553 191 687 1694 515 770 1220 Core 8 | 3 . . . . . . . 1 . . . 4 Treads 723 | 75 108 285 255 . . . . . . . . . Legs . | . . . . . . . . . . . . . Wheels 1143 | . . 306 283 552 2 . . . . . . . Hover . | . . . . . . . . . . . . . Flight 6195 | . . . . . 570 553 191 686 1694 515 770 1216 Fastest Speed 7 | 50 160 80 80 230 50 50 50 50 35 34 34 7 Average Speed 72 | 155 160 118 195 230 50 56 50 50 42 35 34 27 Slowest Speed 250 | 160 160 160 230 230 230 150 50 250 150 121 110 174 Overloaded Moves 35 | . . . . . . . . . . . . 35 Propulsion Burnouts . | . . . . . . . . . . . . . Robots Hopped 25 | . . . . . 12 . . 2 7 1 1 2 Cave-ins Triggered . | . . . . . . . . . . . . . Exploration Rate (%) 55 | 4 19 98 77 98 35 56 28 67 41 68 97 33 Regions Visited 12 Branch Regions 5 Pre-discovered Areas 7 | . . 1 1 1 . . . . . . 4 . Known Exits Taken 3 | . . . . . 1 . 1 . . 1 . . Unknown Exits Taken 7 | 1 1 1 1 1 . . . . 1 . 1 . Scrap Searched 3 | . . 1 . 2 . . . . . . . . Spaces Dug 100 | . . . . . . . 7 5 31 12 2 43 Terrain Destroyed 343 | . . . . . . 21 20 138 61 27 2 74 Melee 58 | . . . . . . . . . 19 12 2 25 Projectile 7 | . . . . . . . . . 4 . . 3 AOE 278 | . . . . . . 21 20 138 38 15 . 46 Terrain Rammed . | . . . . . . . . . . . . . Walls Destroyed . | . . . . . . . . . . . . . Machines Disabled . | . . . . . . . . . . . . . Actions | -11 -10 -10 -10 -9 -8 -8 -8 -8 -7 -7 -7 -5 --------- Run | Yrd Mat Min Exi Min Mat Gar Mat Gar Fac Sto Rec Fac Total 11510 | 108 110 657 566 589 754 942 267 1123 2136 1383 1102 1773 Wait 2544 | . . 38 14 27 122 311 43 189 277 795 290 438 Move 8010 | 77 107 590 537 551 550 551 191 682 1679 512 767 1216 Hop 23 | . . . . . 10 . . 2 7 1 1 2 Pick Up 101 | 4 3 1 10 5 11 11 1 11 29 1 1 13 Fast Attach 41 | 7 . . 1 . 8 . . 1 8 2 . 14 Attach 17 | . . . . . 9 . . 2 1 . . 5 Detach 7 | . . . . . 2 . . . 3 . . 2 Swap 114 | . . 4 2 . 2 18 7 17 31 15 5 13 Drop 103 | . . . 2 . 23 6 2 9 36 5 2 18 Fire 200 | 20 . 23 . 6 17 32 23 42 21 8 . 8 Melee 175 | . . . . . . 4 . 18 44 29 36 44 Ram . | . . . . . . . . . . . . . Kick . | . . . . . . . . . . . . . Crush 1 | . . 1 . . . . . . . . . . Escape Stasis 150 | . . . . . . 9 . 126 . 15 . . Rewire 24 | . . . . . . . . 24 . . . . Trap . | . . . . . . . . . . . . . Miscellaneous . | . . . . . . . . . . . . . Route ------- -11/Scrapyard -10/Materials -10/Mines (discovered 4 exits: [*Mat x2] / *Exi / [*Sub]) -10/Exiles -9/Mines (discovered 2 exits: *Mat x2) -8/Materials (discovered 2 exits: Fac / Gar) -8/Garrison (discovered 3 exits: *Mat x3) -8/Materials -8/Garrison -7/Factory (discovered 6 exits: *Fac x4 / *Sto / [*Low]) -7/Storage (discovered 2 exits: *Fac / *Rec) -7/Recycling -5/Factory History --------- Turn | Location | Event 11 | -11/Scrapyard | Discovered new exit (range 15) 192 | -11/Scrapyard | Entered Materials 234 | -10/Materials | Discovered new exit (range 11) 299 | -10/Materials | Met 8R-AWN 307 | -10/Materials | Build established: Mutant 367 | -10/Materials | Entered Mines 368 | -10/Mines | Followed 8R-AWN into the Mines 478 | -10/Mines | Discovered new exit (range 5) 648 | -10/Mines | Discovered new exit (range 12) 800 | -10/Mines | A weapon hastily lodged in a ceiling crevice suddenly fell to the ground 844 | -10/Mines | Learned location of Zion (-6) 1042 | -10/Mines | Discovered new exit (range 15) 1090 | -10/Mines | Discovered new exit (range 5) 1178 | -10/Mines | Entered Exiles 1215 | -10/Exiles | Welcomed by 8R-AWN 1247 | -10/Exiles | Met EX-HEX 1297 | -10/Exiles | Met EX-BIN 1339 | -10/Exiles | Aligned with FarCom system 1340 | -10/Exiles | Given EX-Vault access code 1377 | -10/Exiles | Opened EX-Vault 1417 | -10/Exiles | Warned to stay clear of 0b10 Research branches 1459 | -10/Exiles | Met EX-DEC 1530 | -10/Exiles | Visited The Gauntlet 1827 | -10/Exiles | Found Flying Fortress v7 1885 | -10/Exiles | Build established: Hauler-Mutant 2242 | -10/Exiles | Discovered new exit (range 10) 2260 | -10/Exiles | Left Exiles lab with Flying Fortress v7 2260 | -10/Exiles | Entered Mines 2313 | -9/Mines | Met a Derelict bent on vengeance 2335 | -9/Mines | Discovered new exit (range 10) 2345 | -9/Mines | Learned location of Storage (-7) 2434 | -9/Mines | Discovered new exit (range 5) 2494 | -9/Mines | Learned Materials terminal intel 2535 | -9/Mines | Found a damaged Exp. Sensor Array with a note attached 2540 | -9/Mines | Found Prototype Device 2703 | -9/Mines | Found the Drone Emporium 2718 | -9/Mines | Found Prototype Device 3195 | -9/Mines | Received a Rocket Launcher from a helpful Derelict 3577 | -9/Mines | Entered Materials 3577 | -8/Materials | Evolved 4 slots: Propulsion x2, Utility x2 3578 | -8/Materials | Identified exit to Factory 3579 | -8/Materials | Loaded intel: 12 terminal locations 3595 | -8/Materials | Identified Sensor Drone Bay 3883 | -8/Materials | Build established: Scout 4079 | -8/Materials | Identified exit to Garrison 4079 | -8/Materials | Entered Garrison 4123 | -8/Garrison | Triggered checkpoint 4306 | -8/Garrison | Discovered new exit (range 56) 4306 | -8/Garrison | Discovered new exit (range 63) 4306 | -8/Garrison | Discovered new exit (range 76) 4386 | -8/Garrison | Build established: Mutant 4427 | -8/Garrison | Triggered checkpoint 4445 | -8/Garrison | Triggered checkpoint 4489 | -8/Garrison | Destroyed 7 combat bots 4556 | -8/Garrison | Installed Relay Interface Framework 4567 | -8/Garrison | Garrison Relay disabled 4617 | -8/Garrison | Triggered checkpoint 4657 | -8/Garrison | Garrison Relay disabled 4843 | -8/Garrison | Entered Materials 5042 | -8/Materials | Identified exit to Garrison 5042 | -8/Materials | Entered Garrison 5084 | -8/Garrison | Triggered checkpoint 5117 | -8/Garrison | Garrison Relay disabled 5347 | -8/Garrison | Triggered checkpoint 5440 | -8/Garrison | Triggered checkpoint 5550 | -8/Garrison | Expanded RIF knowledge: Patrol Navigation 5556 | -8/Garrison | Garrison Relay disabled 5722 | -8/Garrison | Triggered checkpoint 5755 | -8/Garrison | Discovered exit to Factory (range 11) 5757 | -8/Garrison | Lost 3 allies 5760 | -8/Garrison | Triggered checkpoint 5819 | -8/Garrison | Garrison Relay disabled 5891 | -8/Garrison | Phase Generator disabled 5907 | -8/Garrison | Entered Factory 5907 | -7/Factory | Evolved 2 slots: Propulsion x2 6155 | -7/Factory | Garrison activated, responded to threat 6361 | -7/Factory | Discovered new exit (range 17) 6528 | -7/Factory | Discovered new exit (range 8) 6591 | -7/Factory | Identified exit to Factory 6722 | -7/Factory | Repaired Adv. Weight Redist. System 6840 | -7/Factory | Discovered new exit (range 19) 6961 | -7/Factory | Cargo convoy interrupted 7151 | -7/Factory | Entered Storage 7152 | -7/Storage | Identified exit to Recycling 7922 | -7/Storage | Discovered exit to Factory (range 18) 8095 | -7/Storage | Used back door to open Recycling access 8259 | -7/Storage | Entered Recycling 8261 | -7/Recycling | Found Scrap Engine 8565 | -7/Recycling | Discovered new exit (range 5) 8567 | -7/Recycling | Build established: Commander-Mutant 8893 | -7/Recycling | Entered Factory 8893 | -5/Factory | Accompanied by 5 allies 8893 | -5/Factory | Evolved 4 slots: Propulsion x1, Utility x3 8972 | -5/Factory | Repaired Hvy. Deuterium Engine 9193 | -5/Factory | Search patrols dispatched 9799 | -5/Factory | Build established: Hacker-Scout 9868 | -5/Factory | System corruption reached 10% 9869 | -5/Factory | Self-destructed Last Messages --------------- 09850_ QQCGY5#|VBWRELGLKF/TOV XBKTYK 09851_ Lyr. Light Armor Plating destroyed. 09853_ Neutrino Core destroyed. 09855_ Acquired 64 matter. 09855_ Dropped Lrg. Storage Unit. 09856_ Dropped Scrap Engine. 09856_ Acquired Hvy. Missile Launcher. 09858_ Acquired Adv. Cooling System. 09862_ Dropped Authchip [Propulsion]. 09862_ Dropped Imp. Coolant Injector. 09865_ Field Propulsion Drive destroyed. 09866_ Penetrated by Slug. 09867_ Extracted 190 matter. 09867_ Cld. VTOL Module destroyed. 09867_ Nuclear Pulse Thruster destroyed. 09868_ Fusion Modulator explodes. 09868_ Nuclear Pulse Thruster destroyed. 09868_ Adv. Weight Redist. System destroyed. 09868_ Cld. VTOL Module destroyed. 09868_ P-70 Sage destroyed. Map ----- +----------------------------------------------------+ | #????? ???????????# #?????????? | | #??? ?????????# #?????????? | | % #??# #????????# #?????????? | | ####??# #????????# #?????????? | | ########################## ####??????? | | % # # #??????? | | # = !! + +??????? | | # # #??????? | | +! # ################## #??????? | | #! # ################## #??????? | | # !# # / +??????? | | ###+#### # ##### ###??????? | | #?# #??# # #???? #????????? | | #?# #??# # #???? #????????? | | #?# #??# " #???? #????????? | | !! #?# #??# # #???? #????""??? | | !! #?# #??# # #???? #???"""??? | | !! #?# #??# / #?????????"T???? | | #?# #??# # #?????????"""??? | | #?? ???# ####"######;######?T????????""??? | | #?? ???# #??### #;;##??????????????????? | | ## ?? ???# ####;;;;;;g; #??????????????????? | | ?# ? ???# ## g ; ##?????????????????? | | ?# ???# ## %Y ; #?????????????????? | | ?# ???# ?# ! ; #?????w??????w"""?? | | ?? #??# ?# !!] @; #??????????????"""?? | | ?? ??# ?# ! ; #??????????????"""?? | | ?? ???# ?# !]! ; #??????????????????? | | ?? ????# ?# ; #??????????????????? | | ?? #??????# ?# p ; #??????????????????? | | ??????????? ?##+##;;;;;###??????????????????? | | ??????????? ? ? ????????????????????? | | ???????????? Y ? k ??????Y?????????????? | | ????????????? ????????????????????? | | ??????????? ###########????????????????????? | | ??????????### ##???????????????????????????????? | | ????????????# ?????????????????????????????????? | | ????????????#??????????????????????????????????? | | ???????????????????????????????????????????????? | | ???????????????????????????????????????????????? | | ???????????????????????????????????????????????? | | ???????????????????????????????????????????????? | | ???????????????????????????????????????????????? | | ???????????????????????????????????????????????? | | ???????????????????????????????????????????????? | | ???????????????????????????????????????????????? | | ???????????????????????????????????????????????? | | ???????????????????????????????????????????????? | | ???????????????????????????????????????????????? | | ???????????????????????????????????????????????? | +----------------------------------------------------+ Best States ------------- Heat Dissipation 71 Energy Generation 19 Energy Capacity 315 Matter Stores 300 Matter Capacity 550 Sight Range 20 Terrain Scan Range 16 Terrain Scan Density 10 ECM Strength 1 Jamming Range 12 Additional Mass Support 9 Armor Coverage 375 Resistance: KI 30 Propulsion Shielding 66 Melee Speed Boost 20 Evasion (%) 68 Recoil Reduction 2 Matter Filtering 30 Force Boost 20 Offensive Hacking 24 Defensive Hacking 10 Authchip Count 2 Item Schematics ----------------- None Robot Schematics ------------------ None Fabricated ------------ Nothing Alien Tech Used ----------------- None Achievements -------------- Party Time Speed Demon Challenges ------------ None Game ------ Seed TeslaWeaponGravjet Manual? 0 Play Time 02:23:15 Cumulative 112.6 hours Start 2024.05.24 @ 16:31:34 End 2024.05.25 @ 11:13:56 Sessions 5 Manual Loads 0 Difficulty Rogue Special Mode None Game No. 55 Rogue 55 Adventurer 0 Explorer 0 Win Type - Total 2 Types 1/0/1/0/0/0/0/0/0 Lore% 59 Gallery% 70 Achievement% 53 Wizard Run 0 Options --------- Layout 1 ASCII 0 Keyboard 0 Movement Mouse Keybinds 0 Fullscreen 2 Font 18/SmallcapsGlow Map View 50x40 Zoom Use 0% Tactical HUD 1 Map Filters NONE Filters NONE Steam 1 RUN: d14104c0-a984-4ae4-a5be-c4a4202a22dd